 Dungeon Crawl Stone Soup version 0.18.1-1-g2f07953 (webtiles) character file.

22624 Scarto the Peltast (level 13, -29/118 HPs)
             Began as a Gargoyle Fighter on May 7, 2016.
             Was the Champion of Makhleb.
             Annihilated by a very large slime creature (34 damage)
             ... on level 14 of the Dungeon.
             The game lasted 00:33:25 (11759 turns).

Scarto the Peltast (Gargoyle Fighter)              Turns: 11759, Time: 00:33:26

Health: -29/118    AC: 29    Str: 24    XL:     13   Next: 1%
Magic:  13/13      EV:  2    Int: 16    God:    Makhleb [******]
Gold:   207        SH: 24    Dex:  9    Spells: 0 memorised, 12 levels left

rFire  . . .     SeeInvis .     x - +5 mace of Balance {crush, rC+ Int+3}
rCold  + . .     Gourm    .     (armour currently unavailable)
rNeg   + + +     Faith    .     c - +5 shield
rPois  ∞         Spirit   .     (helmet currently unavailable)
rElec  .         Dismiss  .     (cloak currently unavailable)
rCorr  .         Reflect  +     (gloves currently unavailable)
SustAt .         Harm     .     (boots currently unavailable)
MR     .....     NoTele   +     b - +5 amulet of reflection
Stlth  ++........               r - +3 ring of protection
                                w - +3 ring of intelligence

@: tree-form, not resistant to hostile enchantments, unstealthy
A: (big wings), (large bone plates 0), (thin metallic scales 0), blurry vision
1, negative energy resistance 1, (electricity resistance), wild magic 1,
(unbreathing), petrification resistance, rot immunity, AC +9
a: Minor Destruction, Lesser Servant of Makhleb, Major Destruction, Greater
Servant of Makhleb, Renounce Religion


You were on level 14 of the Dungeon.
You worshipped Makhleb.
Makhleb was exalted by your worship.
You were not hungry.
You were a tree.
You visited 1 branch of the dungeon, and saw 14 of its levels.

You collected 944 gold pieces.
You spent 737 gold pieces at shops.

Inventory:

Hand Weapons
 a - a +2 flail
 v - a +4 morningstar
 x - the +5 mace of Balance (weapon) {crush, rC+ Int+3}
   (You bought it in a shop on level 8 of the Dungeon)

   It inflicts extra damage upon your enemies.
   It affects your intelligence (+3).
   It protects you from cold.
Missiles
 d - 11 javelins (quivered)
 B - 32 tomahawks
Armour
 c - a +5 shield (worn)
 m - a +2 pair of gloves (melded)
 s - a +4 plate armour (melded)
Jewellery
 b - a +5 amulet of reflection (around neck)
 r - a +3 ring of protection (right branch)
 t - an uncursed ring of ice
 w - a +3 ring of intelligence (left branch)
Wands
 u - a wand of flame (31/48)
 y - a wand of lightning (9/15)
 F - a wand of heal wounds (3/9)
 G - a wand of teleportation (2/9)
 N - a wand of polymorph (13/24)
 O - a wand of lightning (11/15)
Scrolls
 f - a scroll of fog
 j - 2 scrolls of teleportation
 l - 3 scrolls of recharging
 p - 6 scrolls of identify
 A - 2 scrolls of blinking
 H - 2 scrolls of remove curse
 M - 2 scrolls of random uselessness {unknown}
Potions
 h - 5 potions of curing
 o - 2 potions of haste
 z - 2 potions of lignification
 D - 2 potions of brilliance
 K - 2 potions of cancellation
 P - a potion of cure mutation
Books
 e - a book of the Sky

   Spells                             Type                      Level
   a - Summon Lightning Spire         Summoning/Air                4
   b - Airstrike                      Air                          4
   c - Silence                        Hexes/Air                    5
   d - Deflect Missiles               Charms/Air                   6
   e - Conjure Ball Lightning         Conjuration/Air              6
   f - Tornado                        Air                          9
 C - Vehumet's Grimoire of Battle Magic
   (You found it on level 9 of the Dungeon)

   Spells                             Type                      Level
   a - Magic Dart                     Conjuration                  1
 J - a book of Conjurations

   Spells                             Type                      Level
   a - Magic Dart                     Conjuration                  1
   b - Searing Ray                    Conjuration                  2
   c - Dazzling Spray                 Conjuration/Hexes            3
   d - Fulminant Prism                Conjuration/Hexes            4
   e - Iskenderun's Mystic Blast      Conjuration                  4
   f - Iskenderun's Battlesphere      Conjuration/Charms           5
Miscellaneous
 E - a phial of floods
Comestibles
 g - 3 meat rations
 i - 4 beef jerkies
 k - 12 fruits
 n - 11 bread rations
 q - a slice of pizza
 I - a royal jelly


   Skills:
 + Level 8.6 Fighting
 + Level 10.3 Maces & Flails
 + Level 0.3 Throwing
 + Level 8.2 Armour
 + Level 4.6 Dodging
 + Level 1.2 Stealth
 + Level 15.8 Shields
 + Level 0.2 Invocations


You had 12 spell levels left.
You didn't know any spells.

Dungeon Overview and Level Annotations

Branches:
Dungeon (14/15)            Temple (0/1) D:5            Lair (0/8) D:10
    Orc (0/2) D:11
 Vaults: D:13-14

Altars:
Cheibriados
Gozag
Kikubaaqudgha
Makhleb
Nemelex Xobeh
Okawaru
Qazlal
Ru
Sif Muna
Trog
Vehumet
Xom
Zin
The Shining One

Shops:
D:7 ?   D:8 !((?


Innate Abilities, Weirdness & Mutations

You are resistant to torment.
((Your stone body is resilient (AC +9).))
You are immune to poison.
You resist negative energy.
((You are resistant to electric shocks.))
((You can survive without breathing.))
You are immune to petrification.
You are immune to rotting.
((Your large and strong wings let you fly indefinitely.))
((You are partially covered in large bone plates (AC +2, SH +2).))
((You are partially covered in thin metallic scales (AC +2).))
Scrolls take you a little longer to read.
Your spells are a little harder to cast, but a little more powerful.


Message History

You block the very large slime creature's attack.
Read which item? (? for menu, Esc to quit)
You cannot teleport because you are held in place by your roots.
You thump something!
Something hits you but does no damage. x2
The very large slime creature hits you!
* * * LOW HITPOINT WARNING * * *
You cannot move.
You hit the very large slime creature.
The very large slime creature is lightly wounded.
Something hits you but does no damage. You block something's attack.
You sock the very large slime creature!
The very large slime creature is moderately wounded.
You block the very large slime creature's attack.
Something hits you but does no damage.
You hit the very large slime creature.
The very large slime creature is moderately wounded.
Something hits you.
* * * LOW HITPOINT WARNING * * *
The very large slime creature hits you!!
You die...

#........##..##....#
.............##....#
....##...##.###....#
.... #.#.##.# ##.###
.... ..#.#..# #.#
#.# #.# #.# #♣# #J#
#.# ..# ... ....
.... ......


You could see a very large slime creature.

Vanquished Creatures
  A hydra (D:13)
  Harold (D:12)
  A tengu warrior (D:14)
  Urug (D:13)
  The ghost of namelastname112 the Destroyer, a novice DrCj of Ashenzari (D:11)
  An unseen horror (D:13)
  3 hill giants
  Pikel (D:6)
  An orc knight (D:12)
  3 cyclopes
  A manticore (D:12)
  Joseph (D:7)
  3 centaur zombies
  A gargoyle (D:12)
  3 trolls
  2 two-headed ogres
  Grinder (D:5)
  5 slime creatures
  Sigmund (D:6)
  A shadow (D:12)
  4 wyverns
  A spriggan (D:7)
  2 wraiths
  3 yaks (D:12)
  Eustachio (D:5)
  4 hippogriffs
  A hungry ghost (D:10)
  A basilisk (D:14)
  6 vampire mosquitoes
  Edmund (D:6)
  2 water moccasins
  Duvessa (D:5)
  5 orc warriors
  2 eyes of draining
  4 ogres
  3 phantoms
  A centaur (D:8)
  2 ice beasts
  7 sky beasts
  2 wasps
  A necrophage (D:11)
  5 giant frogs
  3 big kobolds
  2 gnoll sergeants
  Dowan (D:5)
  A wyvern zombie (D:8)
  4 scorpions
  16 killer bees
  7 wights
  7 howler monkeys
  5 crimson imps
  9 hounds
  2 jellies
  5 orc priests
  A gnoll shaman (D:4)
  2 centaur skeletons
  9 orc wizards
  2 giant frog skeletons
  10 worker ants
  Ijyb (D:3)
  4 iguanas
  A killer bee zombie (D:8)
  6 sheep
  3 hound zombies
  3 worker ant zombies (D:10)
  15 gnolls
  A howler monkey skeleton (D:4)
  10 adders
  4 shadow imps
  2 adder zombies
  3 worms
  3 dart slugs
  7 giant geckos
  37 orcs
  A ball python (D:3)
  9 giant cockroaches
  11 goblins
  10 hobgoblins
  11 jackals
  6 quokkas
  3 bats
  A giant newt (D:2)
  17 kobolds
  15 rats
362 creatures vanquished.

Vanquished Creatures (others)
  4 centaurs
  A sheep (D:13)
  An adder (D:11)
  An orc (D:10)
7 creatures vanquished.

Grand Total: 369 creatures vanquished

Notes
Turn   | Place    | Note
--------------------------------------------------------------
     0 | D:1      | Scarto the Gargoyle Fighter began the quest for the Orb.
     0 | D:1      | Reached XP level 1. HP: 14/14 MP: 1/1
   177 | D:1      | Reached XP level 2. HP: 19/19 MP: 2/2
   698 | D:2      | Reached XP level 3. HP: 24/24 MP: 3/3
  1107 | D:2      | Reached XP level 4. HP: 20/29 MP: 4/4
  1252 | D:3      | Found an opulent altar of Gozag.
  1252 | D:3      | Found a sparkling altar of Nemelex Xobeh.
  1304 | D:3      | Found a sacrificial altar of Ru.
  1371 | D:3      | Noticed Ijyb
  1394 | D:3      | Killed Ijyb
  1394 | D:3      | Reached skill level 1 in Dodging
  1394 | D:3      | Reached skill level 4 in Shields
  1467 | D:3      | Found a stormy altar of Qazlal.
  1633 | D:3      | Reached XP level 5. HP: 31/33 MP: 5/5
  2081 | D:4      | Reached XP level 6. HP: 39/39 MP: 6/6
  2568 | D:4      | Reached skill level 5 in Shields
  3011 | D:4      | Reached XP level 7. HP: 26/44 MP: 7/7
  3401 | D:5      | Entered Level 5 of the Dungeon
  3428 | D:5      | Found a staircase to the Ecumenical Temple.
  3466 | D:5      | Reached skill level 6 in Shields
  3500 | D:5      | Found a burning altar of Makhleb.
  3514 | D:5      | Became a worshipper of Makhleb the Destroyer
  3630 | D:5      | Noticed Eustachio
  3772 | D:5      | Killed Eustachio
  3772 | D:5      | Reached skill level 5 in Fighting
  3772 | D:5      | Reached XP level 8. HP: 24/49 MP: 8/8
  3782 | D:5      | Reached skill level 7 in Shields
  3790 | D:5      | Found a glowing silver altar of Zin.
  3791 | D:5      | Noticed an angel
  3791 | D:5      | Found a shimmering altar of Xom.
  3978 | D:5      | Noticed Duvessa
  3979 | D:5      | Noticed Dowan
  3993 | D:5      | Killed Duvessa
  3993 | D:5      | Reached skill level 5 in Armour
  4009 | D:5      | Killed Dowan
  4044 | D:5      | Noticed Grinder
  4053 | D:5      | Paralysed by Grinder for 5 turns
  4067 | D:5      | Killed Grinder
  4067 | D:5      | Reached skill level 8 in Shields
  4720 | D:6      | Reached * piety under Makhleb
  4777 | D:6      | Noticed Edmund
  4808 | D:6      | Killed Edmund
  4808 | D:6      | Reached XP level 9. HP: 22/54 MP: 9/9
  4927 | D:6      | Reached skill level 5 in Maces & Flails
  5026 | D:6      | Noticed Sigmund
  5043 | D:6      | Killed Sigmund
  5043 | D:6      | Reached skill level 9 in Shields
  5438 | D:6      | Noticed Pikel
  5456 | D:6      | Killed Pikel
  5466 | D:6      | Found an iron altar of Okawaru.
  5466 | D:6      | Found a bloodstained altar of Trog.
  5805 | D:7      | Reached skill level 10 in Shields
  6097 | D:7      | Noticed Joseph
  6115 | D:7      | Killed Joseph
  6365 | D:7      | Found Boskyl's Magic Scroll Shoppe.
  6376 | D:7      | Bought a scroll of identify for 26 gold pieces
  6376 | D:7      | Bought a scroll of enchant armour for 97 gold pieces
  6376 | D:7      | Bought a scroll of enchant armour for 97 gold pieces
  6376 | D:7      | Bought a scroll of remove curse for 39 gold pieces
  6451 | D:8      | Found Moneaf's Weapon Shop.
  6460 | D:8      | Reached XP level 10. HP: 60/60 MP: 10/10
  6572 | D:8      | Reached ** piety under Makhleb
  6647 | D:8      | Found Zitwinle's Distillery.
  6682 | D:8      | Bought a potion of curing for 42 gold pieces
  6682 | D:8      | Bought 2 potions of mutation for 70 gold pieces
  6682 | D:8      | Bought a potion of curing for 42 gold pieces
  6682 | D:8      | Bought a potion of curing for 42 gold pieces
  6740 | D:8      | Reached skill level 11 in Shields
  6757 | D:8      | Gained mutation: You regenerate slowly when monsters are visible. [potion of mutation]
  6757 | D:8      | Gained mutation: Your muscles are strong. (Str +2) [potion of mutation]
  6757 | D:8      | Gained mutation: You are partially covered in large bone plates (AC +2, SH +2). [potion of mutation]
  6758 | D:8      | Lost mutation: You regenerate slowly when monsters are visible. [potion of mutation]
  6758 | D:8      | Gained mutation: You are frail (-10% HP). [potion of mutation]
  6943 | D:8      | Gained mutation: You have a pair of small antennae on your head. [mutagenic meat]
  6945 | D:8      | Gained mutation: You occasionally shout uncontrollably at your foes. [mutagenic meat]
  6946 | D:8      | Lost mutation: You are frail (-10% HP). [mutagenic meat]
  6947 | D:8      | Gained mutation: You evolve. [mutagenic meat]
  6961 | D:8      | Gained mutation: Your flesh is heat resistant. [mutagenic meat]
  6962 | D:8      | Gained mutation: You are occasionally teleported next to monsters. [mutagenic meat]
  6970 | D:8      | Lost mutation: You occasionally shout uncontrollably at your foes. [potion of cure mutation]
  6970 | D:8      | Lost mutation: You have a pair of small antennae on your head. [potion of cure mutation]
  6970 | D:8      | Lost mutation: Your flesh is heat resistant. [potion of cure mutation]
  6970 | D:8      | Lost mutation: You are occasionally teleported next to monsters. [potion of cure mutation]
  6971 | D:8      | Gained mutation: You are agile. (Dex +2) [evolution]
  7061 | D:8      | Found a burning altar of Makhleb.
  7096 | D:8      | Found Xuits's Magic Scroll Boutique.
  7102 | D:8      | Bought a scroll of enchant armour for 90 gold pieces
  7207 | D:8      | Gained mutation: You are covered in fur (AC +1). [mutagenic meat]
  7209 | D:8      | Gained mutation: Your spells are a little harder to cast, but a little more powerful. [mutagenic meat]
  7210 | D:8      | Gained mutation: Your large and strong wings let you fly indefinitely. [mutagenic meat]
  7211 | D:8      | Gained mutation: Scrolls take you a little longer to read. [mutagenic meat]
  7284 | D:8      | Found Luawkio's Antique Weapon Shoppe.
  7452 | D:9      | Reached *** piety under Makhleb
  7498 | D:9      | Noticed a hill giant
  7509 | D:9      | Killed a hill giant
  7509 | D:9      | Reached skill level 12 in Shields
  7677 | D:9      | Found a snail-covered altar of Cheibriados.
  7753 | D:9      | Found a glowing golden altar of the Shining One.
  7759 | D:9      | Found a radiant altar of Vehumet.
  7759 | D:9      | Found an ancient bone altar of Kikubaaqudgha.
  7760 | D:9      | Found a deep blue altar of Sif Muna.
  7767 | D:9      | Identified Vehumet's Grimoire of Battle Magic
  7908 | D:10     | Entered Level 10 of the Dungeon
  7961 | D:10     | Reached XP level 11. HP: 49/66 MP: 11/11
  7979 | D:10     | Reached **** piety under Makhleb
  8032 | D:10     | Found a staircase to the Lair.
  8074 | D:10     | Lost mutation: You are covered in fur (AC +1). [mutagenic meat]
  8075 | D:10     | Lost mutation: Your muscles are strong. (Str +2) [mutagenic meat]
  8076 | D:10     | Lost mutation: You are agile. (Dex +2) [mutagenic meat]
  8218 | D:10     | Reached skill level 13 in Shields
  8280 | D:10     | Noticed a hill giant
  8288 | D:10     | Killed a hill giant
  8631 | D:10     | Noticed a hill giant
  8643 | D:10     | Killed a hill giant
  8789 | D:11     | Noticed namelastname112's ghost (novice DrCj)
  8813 | D:11     | Killed namelastname112's ghost
  8813 | D:11     | Gained mutation: You are partially covered in thin metallic scales (AC +2). [evolution]
  8838 | D:11     | Lost mutation: You evolve. [mutagenic meat]
  9060 | D:11     | Reached ***** piety under Makhleb
  9075 | D:11     | Reached skill level 1 in Stealth
  9154 | D:11     | Noticed a cyclops
  9156 | D:11     | Noticed a cyclops
  9173 | D:11     | Killed a cyclops
  9191 | D:11     | Killed a cyclops
  9347 | D:11     | Found a staircase to the Orcish Mines.
  9803 | D:9      | Reached skill level 14 in Shields
  9817 | D:8      | Bought a slimy mace for 192 gold pieces
  9819 | D:8      | Identified the +5 mace of Balance {crush, rC+ Int+3} (You bought it in a shop on level 8 of the Dungeon)
  9902 | D:12     | Reached XP level 12. HP: 72/72 MP: 12/12
 10404 | D:12     | Noticed Harold
 10427 | D:12     | Killed Harold
 10859 | D:13     | Noticed a four-headed hydra
 10868 | D:13     | Reached skill level 15 in Shields
 10873 | D:13     | Killed a four-headed hydra
 10880 | D:13     | Reached ****** piety under Makhleb
 11299 | D:13     | Noticed Urug
 11311 | D:13     | Killed Urug
 11311 | D:13     | Reached skill level 10 in Maces & Flails
 11702 | D:14     | Noticed a tengu warrior
 11715 | D:14     | Killed a tengu warrior
 11746 | D:14     | Reached XP level 13. HP: 61/79 MP: 13/13
 11759 | D:14     | HP: 5/118 [something (6)]
 11759 | D:14     | Annihilated by a very large slime creature

Skill      XL: |  1  2  3  4  5  6  7  8  9 10 11 12 |
---------------+-------------------------------------+-----
Fighting       | 4 5 6 7 8 |  8.6
Armour         | 4 5 6 7 8 |  8.2
Dodging        | 1 2 3 4 |  4.6
Shields        | 4 5 6 8 10 12 14 15 | 15.8
Maces & Flails | 3 4 6 7 9 10 | 10.3
Stealth        | 1 |  1.2
Throwing       | |  0.3
Invocations    | |  0.2

Action                   |  1- 3 |  4- 6 |  7- 9 | 10-12 | 13-15 || total
-------------------------+-------+-------+-------+-------+-------++-------
Melee: Flail             |   138 |   224 |   521 |       |       ||   883
       Morningstar       |       |       |    78 |   809 |       ||   887
       Mace              |       |       |       |   443 |    12 ||   455
Throw: Tomahawk          |       |       |       |     2 |       ||     2
       Javelin           |       |       |       |     3 |       ||     3
Invok: Minor Destruction |       |       |       |     1 |       ||     1
  Use: Scroll            |       |    14 |     9 |     7 |       ||    30
       Potion            |       |       |     8 |    12 |     1 ||    21
  Eat: Chunk             |     1 |     2 |     1 |    23 |       ||    27
       Bread ration      |       |     1 |     2 |       |       ||     3
       Meat ration       |       |       |     1 |     3 |       ||     4
Armor: Scale mail        |    92 |    41 |       |       |       ||   133
       Chain mail        |       |    98 |   242 |       |       ||   340
       Skin              |       |       |    13 |     5 |    11 ||    29
       Plate armour      |       |       |    90 |   753 |       ||   843
Dodge: Dodged            |    52 |    71 |   147 |   248 |     1 ||   519
Block: Shield            |    94 |   198 |   594 |  1769 |    10 ||  2665
       Reflection        |       |       |       |    35 |       ||    35
